 Dungeon Crawl Stone Soup version 0.30-a0-540-g0af01429fa (webtiles) character file.

Game seed: 4858075466211788297

150 bande the Trooper (level 5, 0/33 HPs)
             Began as a Gargoyle Fighter on Dec 25, 2022.
             Splashed by a jelly's acid (11 damage)
             ... on level 5 of the Dungeon.
             The game lasted 00:04:30 (2820 turns).

bande the Trooper (Gargoyle Fighter)                Turns: 2820, Time: 00:04:30

Health: 0/33       AC: 11    Str: 20    XL:     5   Next: 32%
Magic:  5/5        EV:  9    Int:  8    God:
Gold:   195        SH:  4    Dex: 11    Spells: 4/4 levels left

rFire   . . .      SeeInvis .    a - +0 war axe
rCold   . . .      Faith    .    c - +0 buckler
rNeg    + . .      Spirit   .    b - +0 scale mail
rPois   ∞          Reflect  .    (no helmet)
rElec   +          Harm     .    (no cloak)
rCorr   .          Rampage  .    (no gloves)
Will    .....                    (no boots) Stlth
                                 (no amulet)
HPRegen 0.25/turn                (no ring)
MPRegen 0.09/turn                (no ring)

@: marked
A: sickness immunity, AC +4, negative energy resistance 1, electricity
resistance, torment resistance 1, petrification resistance
a: no special abilities


You were on level 5 of the Dungeon.
You visited 1 branch of the dungeon, and saw 5 of its levels.

You collected 195 gold pieces.

Inventory:

Hand Weapons
 a - a +0 war axe (weapon)
Armour
 b - a +0 scale mail (worn)
 c - a +0 buckler (worn)
Jewellery
 g - a ring of magical power
 s - the ring "Wolochon" {Ice Int+2}
   (You found it on level 3 of the Dungeon)

   [ring of ice]

   It enhances your ice magic.
   Int:       It affects your intelligence (+2).
   rF:        It makes you vulnerable to fire.
   rC:        It protects you from cold.
Wands
 q - a wand of mindburst (11)
 t - a wand of quicksilver (11)
Scrolls
 f - 3 scrolls of identify {unknown}
 i - 3 scrolls of teleportation {unknown}
 k - 2 scrolls of enchant weapon {unknown}
 l - a scroll of noise {unknown}
 n - a scroll of summoning {unknown}
 r - a scroll of amnesia {unknown}
 u - a scroll of poison {unknown}
Potions
 d - 2 potions of might
 e - 4 potions of curing {unknown}
 h - a potion of mutation {unknown}
 j - 2 potions of ambrosia {unknown}
 m - a potion of degeneration {unknown}
 o - a potion of haste {unknown}
 p - a potion of invisibility {unknown}
 v - a potion of flight {unknown}


   Skills:
 + Level 3.8 Fighting
 + Level 3.8 Axes
 + Level 3.7 Armour
 + Level 3.7 Shields
 * Level 0.7 Evocations


You had 4 spell levels left.
You didn't know any spells.
Your spell library was empty.

Dungeon Overview and Level Annotations

Branches:
Dungeon (5/15)
 Temple: D:4-7

Altars:
Makhleb


Innate Abilities, Weirdness & Mutations

You are immune to sickness and miasma.
Your stone body is resilient. (AC +4)
You are immune to poison.
You resist negative energy. (rN+)
You are resistant to electric shocks. (rElec)
You are resistant to unholy torment.
You are immune to petrification.


Message History

An endoplasm comes into view.
The endoplasm quivers.
An endoplasm is nearby!
You barely miss the endoplasm. The endoplasm hits you.
You slash the endoplasm!
You kill the endoplasm!
No target in view!
No target in view!
No target in view!
No target in view!
Things that are here:
a +0 short sword; 5 stones; a kobold skeleton You now have 195 gold pieces (gained 8).
Done exploring.
Done exploring.
Done exploring.
Things that are here:
a +0 short sword; 5 stones; a kobold skeleton
There is a stone staircase leading up here.
There is a stone staircase leading up here.
There is a stone staircase leading down here.
You climb downwards.
A sourceless malevolence fills the Dungeon...
With a horrendous wail, an alarm goes off!
A sentinel's mark forms upon you.
You hear an angry hiss.
You hear a shout! x6; You hear an angry hiss.
Found a book of Geomancy.
There is a stone staircase leading up here.
A jelly comes into view.
The jelly hits you but does no damage.
You slash the jelly!
Your hands burn!
The jelly is heavily wounded.
The jelly barely misses you.
You hit the jelly.
Your hands burn!
The jelly is severely wounded.
The jelly hits you.
You are splashed with acid!
You hit the jelly.
Your hands burn!
The jelly is almost dead.
The jelly hits you.
You are splashed with acid!
You die...

## .. ##.########
#..J@....<#
#....#####........
#.... ######.#.
###.. ... #..# ...
#...


You could see a jelly.

Vanquished Creatures
  3 adders
  A worm (D:2)
  A dart slug (D:1)
  4 orcs
  15 ball pythons
  5 bats
  11 endoplasms
  6 giant cockroaches
  11 hobgoblins
  3 quokkas
  9 frilled lizards
  8 goblins
  8 kobolds
  24 rats
109 creatures vanquished.

Vanquished Creatures (others)
  A fungus (D:1)
  4 plants (D:1)
5 creatures vanquished.

Grand Total: 114 creatures vanquished

Notes
Turn   | Place    | Note
-------+----------+-------------------------------------------
     0 | D:1      | bande the Gargoyle Fighter began the quest for the Orb.
     0 | D:1      | Reached XP level 1. HP: 14/14 MP: 1/1
   150 | D:1      | Reached XP level 2. HP: 19/19 MP: 2/2
   577 | D:1      | Reached XP level 3. HP: 18/23 MP: 3/3
   972 | D:2      | Reached XP level 4. HP: 29/29 MP: 4/4
  1163 | D:2      | Found a faded altar of an unknown god.
  1759 | D:3      | Reached XP level 5. HP: 32/33 MP: 5/5
  1772 | D:3      | Identified the ring "Wolochon" {Ice Int+2}
  2341 | D:4      | Found a burning altar of Makhleb.
  2441 | D:4      | Identified the +1 robe of Gravitas {Harm rC- rN++ Regen+}
  2812 | D:5      | Entered Level 5 of the Dungeon
  2820 | D:5      | Splashed by a jelly's acid

Illustrated notes

Levels and vault maps discovered:
D:1:      lemuel_arrival_muddy, layout_loops_ring, minmay_tromino_v4_a
D:2:      layout_loops_ring, ebering_ecumenical_altar_webs, corexii_shack,
          st_stairs_13
D:3:      layout_basic, minmay_between
D:4:      layout_layer_cave, mainiacjoe_overflow_surrounded_room,
          hangedman_decor_peaks_small, minmay_rat_hole
D:5:      nicolae_cairo_tiling_large, layout_basic, mainiacjoe_overflow_paths,
          saegor_snake_ambush

Skill      XL: |  1  2  3 |
---------------+----------+-----
Axes           | 2 3 |  3.8
Fighting       | |  3.8
Armour         | |  3.7
Shields        | |  3.7
Evocations     | |  0.7

Action                   |  1- 3 |  4- 6 || total
-------------------------+-------+-------++-------
Melee: War axe           |   117 |   139 ||   256
Armor: Scale mail        |    71 |    82 ||   153
Dodge: Dodged            |    77 |    53 ||   130
Block: Buckler           |    35 |    24 ||    59

Table legend: (Time is in decaauts)
 A = Elapsed time spent in this place.
 B = Non-inter-level travel time spent in this place.
 C = Inter-level travel time spent in this place.
 D = Time resting spent in this place.
 E = Time spent auto-exploring this place.
 F = Levels seen in this place.
 G = Mean time per level.
                   A        B        C        D        E       F      G
               +--------+--------+--------+--------+--------+-----+--------+
         Total |   2919 |   2770 |    149 |      0 |   2126 |   5 |  583.8 |
       Dungeon |   2919 |   2770 |    149 |      0 |   2126 |   5 |  583.8 |
               +--------+--------+--------+--------+--------+-----+--------+

Top non-repeatable levels by time:
     D:1: 794 daAuts
     D:4: 786 daAuts
     D:2: 744 daAuts
     D:3: 586 daAuts
     D:5: 8 daAuts
